 Dungeon Crawl Stone Soup version 0.22-a0-539-gfbd9004e3f (webtiles) character file.

439 M4edhros the Insei (level 7, -1/45 HPs)
             Began as an Octopode Necromancer on June 24, 2018.
             Slain by a gnoll
             ... wielding a cursed +0 spear
              (4 damage)
             ... on level 6 of the Dungeon.
             The game lasted 00:08:40 (1425 turns).

M4edhros the Insei (Octopode Necromancer)           Turns: 1425, Time: 00:08:40

Health: -1/45      AC:  1    Str: 13    XL:     7   Next: 1%
Magic:  5/10       EV: 13    Int: 17    God:
Gold:   79         SH:  0    Dex: 14    Spells: 5/10 levels left

rFire    . . .     SeeInvis .     - Unarmed
rCold    . . .     Gourm    .   (no shield)
rNeg     . . .     Faith    .   (helmet restricted)
rPois    .         Spirit   .   (no amulet)
rElec    .         Reflect  .   (no ring)
rCorr    .         Harm     .   (no ring)
MR       .....                  (no ring)
Stlth    +++.......             (no ring)
HPRegen  0.15/turn              (no ring)
MPRegen  0.12/turn              (no ring)
                                (no ring)
                                (no ring)

@: mighty, very slightly contaminated, invisible
A: almost no armour, stealthy swim, amphibious, 8 rings, constrict 8, camouflage
1, deterioration 1, robust 1, gelatinous body 1
a: no special abilities


You were on level 6 of the Dungeon.
You were near starving.

You visited 1 branch of the dungeon, and saw 6 of its levels.

You collected 79 gold pieces.

Inventory:

Wands
 i - a wand of iceblast (13)
Scrolls
 a - 2 scrolls of enchant weapon {unknown}
 c - 7 scrolls of identify {unknown}
 d - a scroll of fear {unknown}
 e - 3 scrolls of remove curse {unknown}
Comestibles
 b - 3 rations
 f - 6 chunks of flesh


   Skills:
 - Level 2.0 Dodging
 - Level 2.6 Stealth
 + Level 6.9 Unarmed Combat
 - Level 2.0 Spellcasting
 - Level 4.0 Necromancy


You had 5 spell levels left.
You knew the following spells:

 Your Spells              Type           Power        Failure   Level  Hunger
a - Pain                  Necr           ###.         3%          1    #......
b - Animate Skeleton      Necr           N/A          3%          1    #......
c - Regeneration          Chrm/Necr      #.........   26%         3    ###....

Your spell library contained the following spells:

 Spells                   Type           Power        Failure   Level  Hunger
 Animate Dead             Necr           N/A          36%         4    #####..
 Vampiric Draining        Necr           ###.......   11%         3    ###....


Dungeon Overview and Level Annotations

Branches:
Dungeon (6/15)
 Temple: D:4-7

Altars:
Ashenzari
Dithmenos
Hepliaklqana
Ru
Uskayaw

Annotations:
D:3 3 runed doors, Banto's ghost, novice FoAK


Innate Abilities, Weirdness & Mutations

You cannot wear most types of armour.
You are very stealthy in the water. (Stealth+)
You are amphibious.
You can wear up to eight rings at the same time.
You can use your tentacles to constrict eight enemies at once.
Your skin changes colour to match your surroundings (Stealth+).
Your rubbery body absorbs attacks. (AC +1, EV +1)
Your body sometimes deteriorates upon taking damage.
You are robust. (+10% HP)


Message History

The hound zombie is heavily damaged.
You constrict the hound zombie. The hound zombie completely misses you.
The gnoll hits you from afar with a spear.
* * * LOW HITPOINT WARNING * * *
The shadow imp hits you.
* * * LOW HITPOINT WARNING * * *
The hound zombie barely misses you.
Okay, then.
Evoke which item? (* to show all) (? for menu, Esc to quit)
Okay, then.
Evoke which item? (* to show all) (? for menu, Esc to quit)
Okay, then.
Sorry, you're not good enough to have a special ability.
Unknown command.
Okay, then.
Okay, then.
You feel very mighty all of a sudden.
You constrict the hound zombie.
The gnoll hits you from afar with a spear.
You die...

##### #>... .. #.# #.... ....
#.##.###### #.... ....
.....)..Z@# #....
......#.#..####5# #.....# #....
......#.##.# #g# #.....# #..[.
......#.##.# #Z# #.....# #....
......#.##.####g# #.....# #....
.........Zg.5....# #.....# #....
.....#.#g###.##### #.....# #....
....(#.#.###..#######.....###....
#.....(.(..........'............


You could see 2 gnolls, a shadow imp, an adder zombie and a hound zombie.

Vanquished Creatures
  Menkaure (D:6)
  A phantom (D:6)
  A bullfrog (D:6)
  An orc priest (D:3)
  An orc wizard (D:4)
  Jessica (D:3)
  A worker ant (D:6)
  A gnoll (D:6)
  An adder (D:2)
  A leopard gecko (D:6)
  11 orcs
  5 bats
  2 giant cockroaches
  7 hobgoblins
  3 jackals (D:1)
  A frilled lizard (D:1)
  3 goblins
  3 kobolds
  2 rats (D:1)
47 creatures vanquished.

Vanquished Creatures (collateral kills)
  An orc priest (D:6)
  A hobgoblin (D:1)
  2 bats
  2 rats
6 creatures vanquished.

Grand Total: 53 creatures vanquished

Notes
Turn   | Place    | Note
-------+----------+-------------------------------------------
     0 | D:1      | M4edhros the Octopode Necromancer began the quest for the Orb.
     0 | D:1      | Reached XP level 1. HP: 11/11 MP: 3/3
    69 | D:1      | Learned a level 1 spell: Animate Skeleton
   108 | D:1      | Reached skill level 1 in Unarmed Combat
   187 | D:1      | Reached XP level 2. HP: 16/17 MP: 5/5
   255 | D:1      | Reached skill level 2 in Unarmed Combat
   555 | D:2      | Reached XP level 3. HP: 15/21 MP: 3/6
   560 | D:2      | Learned a level 3 spell: Regeneration
   612 | D:3      | Found a hide-covered altar of Uskayaw.
   615 | D:3      | Noticed Jessica
   689 | D:3      | Found a shadowy altar of Dithmenos.
   718 | D:3      | Reached skill level 3 in Unarmed Combat
   730 | D:3      | Reached XP level 4. HP: 6/27 MP: 2/7
   832 | D:3      | Killed Jessica
   832 | D:3      | Reached skill level 4 in Unarmed Combat
   884 | D:3      | Found a runed gate.
   885 | D:3      | Found a runed gate.
   888 | D:3      | Found a runed gate.
   889 | D:3      | Noticed Banto's ghost (novice FoAK)
   939 | D:4      | Reached XP level 5. HP: 25/31 MP: 2/8
  1002 | D:5      | Entered Level 5 of the Dungeon
  1166 | D:6      | Found a sacrificial altar of Ru.
  1170 | D:6      | Noticed Menkaure
  1179 | D:6      | Reached skill level 5 in Unarmed Combat
  1180 | D:6      | Killed Menkaure
  1180 | D:6      | Reached skill level 6 in Unarmed Combat
  1180 | D:6      | Reached XP level 6. HP: 10/36 MP: 9/9
  1227 | D:6      | Found a shattered altar of Ashenzari.
  1227 | D:6      | Noticed a phantom
  1270 | D:6      | Gained mutation: Your body sometimes deteriorates upon taking damage. [potion of mutation]
  1270 | D:6      | Gained mutation: You are robust. (+10% HP) [potion of mutation]
  1342 | D:6      | Killed a phantom
  1358 | D:6      | Found a hazy altar of Hepliaklqana.
  1417 | D:6      | Reached XP level 7. HP: 36/45 MP: 4/10
  1425 | D:6      | Slain by a gnoll

Vault maps used:
D:1:      kilobyte_arrival_exit_the_forest
D:2:      first_ration, uniq_natasha
D:3:      eat_drink_and_be_merry_uskayaw, nicolae_overflow_hidden_temple,
          serial_glass, glass_columns_a, glass_columns_c, feat_on_display,
          item_on_display_a, gammafunk_ghost_split,
          nicolae_dithmenos_through_a_glass_darkly, uniq_jessica
D:5:      corexii_corridor_pit, minmay_crystal_room, wad_rectangle_vault
D:6:      overflow_temple_1_default, lemuel_round_altar,
          nicolae_overflow_crystal_walls, minmay_temple_entry_enclosed_plants,
          portal_sewer_entry_e, eino_small_chamber_without_monster, tgw_xom,
          uniq_menkaure

Skill      XL: |  1  2  3  4  5 |
---------------+----------------+-----
Unarmed Combat | 1 2 3 4 6 |  6.9
Dodging        | |  2.0
Stealth        | |  2.6
Spellcasting   | |  2.0
Necromancy     | |  4.0

Action                   |  1- 3 |  4- 6 |  7- 9 || total
-------------------------+-------+-------+-------++-------
Melee: Unarmed           |    81 |    69 |     5 ||   155
       Constrict         |    23 |    12 |     2 ||    37
       Tentacles         |    14 |    11 |       ||    25
       Punch             |     1 |     3 |       ||     4
 Cast: Animate Skeleton  |    14 |     8 |       ||    22
       Pain              |     2 |       |       ||     2
       Regeneration      |     3 |    11 |       ||    14
Evoke: Wand              |       |     4 |       ||     4
  Use: Potion            |     1 |     2 |     2 ||     5
 Stab: Sleeping          |     4 |     1 |       ||     5
       Distracted        |     3 |     2 |       ||     5
       Invisible         |       |       |     1 ||     1
  Eat: Chunk             |       |     3 |       ||     3
Armor: Skin              |    10 |     3 |       ||    13
Dodge: Dodged            |    70 |    26 |     7 ||   103

Table legend:
 A = Spawn XP
 B = Non-spawn XP
 C = Spawn XP percentage of total XP
 D = Spawn monster count
 E = Non-spawn monster count
 F = Spawn count percentage of total count
 G = Total turns spent on level
                    A         B        C        D         E        F      G
               +---------+---------+-------+---------+---------+-------+---------
         Total |       0 |     628 |   0.0 |       0 |      53 |   0.0 |  1425
               +---------+---------+-------+---------+---------+-------+---------
           D:1 |       0 |      26 |   0.0 |       0 |      18 |   0.0 |   458
           D:2 |       0 |      18 |   0.0 |       0 |       4 |   0.0 |   185
           D:3 |       0 |     102 |   0.0 |       0 |      15 |   0.0 |   274
           D:4 |       0 |      48 |   0.0 |       0 |       4 |   0.0 |    85
           D:6 |       0 |     434 |   0.0 |       0 |      12 |   0.0 |   313
               +---------+---------+-------+---------+---------+-------+---------
